AoeStats
← Goku Feudal

Glade

510290748Analyzed
1v1 RM · 1d ago on Sep 30, 2026· 39m 35s· 2 players
Game mode
Random Map
Map size
Tiny (2 player)
Population
200
Speed
Normal
Resources
Standard
Victory
Conquest
Starting age
Dark Age
Ending age
Imperial Age
RankedLock teamsTeams togetherTeam positionsShared explorationLock speedFull tech treeHidden civsTurbo modeCheats
Victory
Defeat
🇷🇺 Malians · Russia
1106
+17
🇦🇷 Varangians · Argentina
1121
-17
forcatalogues365
6:24 Loom
11:10 Feudal Age
11:40 Double-Bit Axe
18:51 Castle Age
20:03 Squires
29:54 Imperial Age
29:27 Fletching
31:26 Conscription
Goku Feudal
4:16 Loom
9:43 Feudal Age
15:39 Castle Age
14:07 Double-Bit Axe
14:40 Horse Collar
24:55 Wheelbarrow
25:34 Forging
25:25 Scale Mail Armor
33:21 Imperial Age
31:25 Gold Mining
35:13 Fletching
35:23 Padded Archer Armor
38:33 Elite Skirmisher
Connection lost

Rejoining the realm…

Still unreachable

The connection could not be restored.

Session expired

The server has moved on; the page needs a fresh start.